 Dungeon Crawl Stone Soup version 0.31-a0-237-g2d982f9f85 (webtiles) character file.

Game seed: 16809673289304229603

151 qw the Shooter (level 5, -22/30 HPs)
             Began as a Gargoyle Hexslinger on July 11, 2023.
             Was an Initiate of Okawaru.
             Annihilated by an ogre
             ... wielding a +0 giant club
              (25 damage)
             ... on level 4 of the Dungeon.
             The game lasted 00:00:49 (2006 turns).

qw the Shooter (Gargoyle Hexslinger)                Turns: 2006, Time: 00:00:50

Health: -22/30     AC: 10    Str: 17    XL:     5   Next: 33%
Magic:  6/6        EV: 11    Int: 14    God:    Okawaru [......]
Gold:   146        SH:  0    Dex: 14    Spells: 5/6 levels left

rFire   . . .        i - +2 sling (heavy)
rCold   . . .        (no shield)
rNeg    + . .        d - +0 ring mail
rPois   inf          h - +0 helmet
rElec   +            (no cloak)
rCorr   .            (no gloves)
SInv    .            (no boots)
Will    .....        (no amulet)
Stlth   +            b - +6 ring of strength
HPRegen 0.25/turn    (no ring)
MPRegen 0.10/turn

%: no passive effects
@: about to teleport
A: sickness immunity, AC +4, negative energy resistance 1, electricity
resistance, torment resistance 1, petrification resistance
a: Renounce Religion


You were on level 4 of the Dungeon.
You worshipped Okawaru.
Okawaru was noncommittal.
You visited 2 branches of the dungeon, and saw 5 of its levels.

You collected 146 gold pieces.


Innate Abilities, Weirdness & Mutations

You are immune to sickness and miasma.
Your stone body is resilient. (AC +4)
You are immune to poison.
You resist negative energy. (rN+)
You are resistant to electric shocks. (rElec)
You are resistant to unholy torment.
You are immune to petrification.


   Skills:
 - Level 2.0 Fighting
 + Level 4.9 Ranged Weapons
 - Level 1.0 Armour
 - Level 1.5 Dodging
 - Level 1.0 Spellcasting
 - Level 2.6 Hexes


You had 5 spell levels left.
You knew the following spells:

 Your Spells              Type           Power      Damage    Failure   Level
a - Slow                  Hex            32%        N/A       16%         1

Your spell library contained the following spells:

 Spells                   Type           Power      Damage    Failure   Level
 Inner Flame              Hex/Fire       4%         N/A       63%         3
 Portal Projectile        Hex/Tloc       8%         N/A       63%         3
 Cause Fear               Hex            4%         N/A       85%         4

Inventory:

Hand Weapons
 i - a +2 heavy sling (weapon)
Armour
 d - a +0 ring mail (worn)
 h - a +0 helmet (worn)
 k - a +0 cloak
Jewellery
 b - a +6 ring of strength (left hand)
Scrolls
 j - 2 scrolls of identify
Potions
 a - a potion of invisibility {unknown}
 c - a potion of heal wounds {unknown}
 f - a potion of degeneration {unknown}
 g - a potion of curing
 l - a potion of resistance {unknown}

Dungeon Overview and Level Annotations

Branches:
Dungeon (4/15)             Temple (1/1) D:4

Altars:
Cheibriados
Elyvilon
Gozag
Hepliaklqana
Kikubaaqudgha
Makhleb
Okawaru
Qazlal
Sif Muna
Trog
Uskayaw
Vehumet
Xom
Yredelemnul
Zin
The Shining One


Message History

You shoot a sling bullet.
The sling bullet closely misses the hobgoblin.
The orc shouts!
The sling bullet hits the orc.
The orc is moderately wounded.
An ogre comes into view. It is wielding a +0 giant club.
The hobgoblin hits you but does no damage.
An orc comes into view. It is wielding a +0 club.
You shoot a sling bullet. The ogre shouts!
The sling bullet hits the hobgoblin!
You kill the hobgoblin!
Okawaru accepts your kill.
You hear a shout!
You shoot a sling bullet. The sling bullet hits the ogre!
The ogre is moderately wounded.
You shoot a sling bullet. The sling bullet hits the ogre!
The ogre is severely wounded.
An orc comes into view. It is wielding a +0 flail.
You shoot a sling bullet.
The sling bullet barely misses the ogre.
The orc shouts!
The sling bullet hits the orc!
You kill the orc!
Okawaru accepts your kill. The ogre hits you with a +0 giant club!
Ouch! That really hurt!
You shoot a sling bullet.
The sling bullet closely misses the ogre.
The sling bullet hits the orc!
You kill the orc!
Okawaru accepts your kill.
An orc wizard comes into view. It is wielding a +0 dagger.
The ogre hits you with a +0 giant club!
2006 ||| READING scroll of teleportation.
As you read the scroll of teleportation, it crumbles to dust.
You feel strangely unstable.
The ogre hits you with a +0 giant club!!
Ouch! That really hurt!
You die...

.....+.....+............###.#.#.#
.##.##.....#............###......
#.######.......................
#)).<.....................#.#..
...###..#...........###..........
...+..............#.##......#+#..
...#.....................##... #.
...#.....#........#..#...###... .
...#.#.....##+##@.#..#...# ...#
............ #.O#..#...# ....
.#+###..#.... #.o)... # #.....!.
........ ........#. .......o...
###..#..... #.......)


You could see an ogre, an orc wizard and an orc.

Vanquished Creatures
  An orc priest (D:3)
  An iguana (D:4)
  2 adders
  3 worms
  A dart slug (D:1)
  6 orcs
  4 ball pythons
  7 bats
  7 endoplasms
  3 giant cockroaches
  5 goblins
  3 hobgoblins
  5 kobolds
  4 quokkas
  A frilled lizard (D:2)
  7 rats
60 creatures vanquished.

Notes
Turn   | Place    | Note
-------+----------+-------------------------------------------
     0 | D:1      | qw the Gargoyle Hexslinger began the quest for the Orb.
     0 | D:1      | Reached XP level 1. HP: 12/12 MP: 2/2
     0 | D:1      | 0 ||| qw: Version: 0.3-a-52-g30416fa
     0 | D:1      | 0 ||| qw: Game counter: 5434
     0 | D:1      | 0 ||| qw: Melee chars always use a shield: true
     0 | D:1      | 0 ||| qw: God list: Okawaru
     0 | D:1      | 0 ||| qw: Allow faded altars: false
     0 | D:1      | 0 ||| qw: Do Orc after clearing Dungeon:15 true
     0 | D:1      | 0 ||| qw: Do second Lair branch before Depths: true
     0 | D:1      | 0 ||| qw: Lair rune preference: random
     0 | D:1      | 0 ||| qw: Goals: Normal
     0 | D:1      | 0 ||| PLANNING D:1-11
   311 | D:1      | Reached XP level 2. HP: 16/16 MP: 3/3
   316 | D:1      | 316 ||| SWAPPING to +2 heavy sling.
   317 | D:1      | 317 ||| DROPPING +1 sling.
   738 | D:1      | Reached skill level 3 in Ranged Weapons
   818 | D:1      | 818 ||| UPGRADING to +0 ring mail.
   828 | D:1      | 828 ||| DROPPING +0 robe.
   829 | D:1      | 829 ||| READING scroll labelled ZONISH PIAM.
   834 | D:1      | 834 ||| READING scroll labelled NAUR SYEXKOROA.
   835 | D:1      | 835 ||| READING scroll labelled ILOGRUO TOCE.
   836 | D:1      | 836 ||| READING scroll labelled MAW NIRROMESS.
   837 | D:1      | 837 ||| DRINKING 2 bubbling white potions.
   838 | D:1      | 838 ||| DROPPING scroll of poison.
   839 | D:1      | 839 ||| DROPPING potion of brilliance.
   898 | D:2      | Reached XP level 3. HP: 21/21 MP: 4/4
   966 | D:2      | You fall into a shaft and drop 1 floor!
  1065 | D:3      | 1065 ||| UPGRADING to +6 ring of strength.
  1066 | D:3      | 1066 ||| READING scroll labelled FENIAV PIPTURGH.
  1072 | D:3      | 1072 ||| FLEEEEING.
  1073 | D:3      | 1073 ||| FLEEEEING.
  1074 | D:3      | 1074 ||| FLEEEEING.
  1075 | D:3      | 1075 ||| STAIRDANCE
  1101 | D:2      | Found a bloodstained altar of Trog.
  1380 | D:2      | 1380 ||| UPGRADING to +0 helmet.
  1385 | D:2      | 1385 ||| DROPPING ring of magical power.
  1386 | D:2      | 1386 ||| READING 2 scrolls labelled NEKHUCA FIKHE.
  1387 | D:2      | 1387 ||| READING scroll labelled JIAZEE HEUTEMO.
  1388 | D:2      | 1388 ||| DRINKING 2 inky potions.
  1389 | D:2      | 1389 ||| DRINKING 2 red potions.
  1390 | D:2      | 1390 ||| DROPPING potion of attraction.
  1391 | D:2      | 1391 ||| DROPPING scroll of vulnerability.
  1413 | D:3      | Reached XP level 4. HP: 26/26 MP: 5/5
  1478 | D:3      | Reached skill level 4 in Ranged Weapons
  1528 | D:3      | Reached skill level 1 in Armour
  1578 | D:3      | Found a hide-covered altar of Uskayaw.
  1578 | D:3      | Found a bloodstained altar of Trog.
  1789 | D:3      | 1789 ||| READING scroll labelled SOT NAGOEBLUIF.
  1803 | D:4      | Reached XP level 5. HP: 30/30 MP: 6/6
  1878 | D:4      | Found a staircase to the Ecumenical Temple.
  1879 | D:4      | 1879 ||| PLANNING TEMPLE
  1889 | Temple   | Entered the Ecumenical Temple
  1890 | Temple   | 1890 ||| PLANNING OKAWARU WORSHIP
  1961 | Temple   | Became a worshipper of Warmaster Okawaru
  1962 | Temple   | 1962 ||| PLANNING D:1-11
  2000 | D:4      | Noticed an ogre
  2005 | D:4      | HP: 2/30 [ogre/+0 giant club (11)]
  2006 | D:4      | 2006 ||| READING scroll of teleportation.
  2006 | D:4      | Annihilated by an ogre

Levels and vault maps discovered:
D:1:      nzn_arrival_settlement, layout_basic
D:2:      layout_rooms, basic_altar, minmay_strange_pillars
D:3:      layout_rooms, jmf_multi_god_temple, grunt_decor_fettered,
          minmay_misc_feat_tiny
D:4:      layout_basic, minmay_temple_entry_statues_pillars,
          kennysheep_generic_room_14
Temple:   eino_temple_lava

Skill      XL: |  1  2  3  4 |
---------------+-------------+-----
Ranged Weapons | 3 4 |  4.9
Fighting       | 2 |  2.0
Armour         | 1 |  1.0
Dodging        | |  1.5
Spellcasting   | |  1.0
Hexes          | |  2.6

Action                     |  1- 3 |  4- 6 || total
---------------------------+-------+-------++-------
   Fire: Sling             |    81 |    57 ||   138
    Use: Scroll            |     7 |     2 ||     9
         Potion            |     3 |       ||     3
 Armour: Robe              |     1 |       ||     1
         Ring mail         |    24 |    16 ||    40
  Dodge: Dodged            |    27 |    17 ||    44

Table legend:
 A = Non-vault XP
 B = Vault XP
 C = Vault XP percentage of total XP
 D = Non-vault monster count
 E = Vault monster count
 F = Vault count percentage of total count
                 A         B        C        D         E       F
            +---------+---------+-------+---------+---------+-------
      Total |     214 |       3 |   1.4 |      58 |       2 |   3.3
            +---------+---------+-------+---------+---------+-------
        D:1 |      23 |       0 |   0.0 |      12 |       0 |   0.0
        D:2 |      46 |       0 |   0.0 |      18 |       0 |   0.0
        D:3 |      92 |       3 |   3.2 |      20 |       2 |   9.1
        D:4 |      53 |       0 |   0.0 |       8 |       0 |   0.0
            +---------+---------+-------+---------+---------+-------
